 Dungeon Crawl Stone Soup version 0.26-a0-818-g75db068ed4 (webtiles) character file.

Game seed: 11979224270726520456

11673 marklar909 the Transmogrifier (level 11, -30/92 HPs)
             Began as a White Draconian Transmuter on Nov 14, 2020.
             Was a Follower of Ru.
             Killed from afar by a fire dragon (50 damage)
             ... with a blast of flame
             ... on level 4 of the Abyss.
             The game lasted 00:26:58 (16758 turns).

marklar909 the Transmogrifier (DrTm)               Turns: 16758, Time: 00:26:58

Health: -30/92     AC: 13    Str: 14    XL:     11   Next: 52%
Magic:  15/15      EV: 16    Int: 13    God:    Ru [*.....]
Gold:   597        SH:  0    Dex: 14    Spells: 5/16 levels left

rFire    . . .     SeeInvis .     - Unarmed
rCold    + . .     Faith    .   (no shield)
rNeg     . . .     Spirit   .   (armour unavailable)
rPois    +         Reflect  .   (helmet restricted)
rElec    .         Harm     .   d - +2 cloak
rCorr    .         Rampage  .   r - +2 pair of gloves
MR       .....                  (no boots)
Stlth    +.........             (no amulet)
HPRegen  0.25/turn              o - ring of poison resistance
MPRegen  0.14/turn              v - ring of wizardry

@: about to teleport, no potions
A: breathe frost, unfitting armour, cold resistance 1, cold-blooded, inability
to drink while threatened, AC +7
a: Breathe Frost, Renounce Religion


You were on level 4 of the Abyss.
You worshipped Ru.
Ru was aware of your devotion.
You visited 2 branches of the dungeon, and saw 12 of its levels.
You visited the Abyss 1 time.

You collected 778 gold pieces.
You spent 181 gold pieces at shops.

Inventory:

Missiles
 j - 197 stones (quivered)
Armour
 d - a +2 cloak (worn)
 p - a +0 kite shield
 r - a +2 pair of gloves (worn)
Jewellery
 h - an uncursed ring of protection from cold {unknown}
 o - a ring of poison resistance (left hand)
 v - a ring of wizardry (right hand)
 A - an uncursed ring of wizardry
Wands
 i - a wand of enslavement (6)
 s - a wand of disintegration (25)
 w - a wand of random effects (15)
 z - a wand of digging (4)
 C - a wand of flame (12)
Scrolls
 b - 13 scrolls of identify
 f - 2 scrolls of teleportation
 l - a scroll of immolation
 m - 5 scrolls of enchant weapon
 n - 2 scrolls of fog
 t - a scroll of magic mapping
 y - 3 scrolls of remove curse
 E - a scroll of acquirement {unknown}
Potions
 a - 4 potions of brilliance
 c - a potion of magic {unknown}
 e - 3 potions of might {unknown}
 g - 2 potions of lignification {unknown}
 k - a potion of curing
 q - 3 potions of flight {unknown}
 u - 2 potions of ambrosia {unknown}
 x - 2 potions of cancellation {unknown}
 B - a potion of degeneration {unknown}
 D - a potion of resistance {unknown}


   Skills:
 * Level 7.3 Fighting
 + Level 1.2 Throwing
 * Level 7.3 Dodging
 + Level 3.4 Shields
 + Level 10.2 Unarmed Combat
 - Level 3.1 Spellcasting
 * Level 10.6 Transmutations
 + Level 3.0 Poison Magic


You had 5 spell levels left.
You knew the following spells:

 Your Spells              Type           Power        Failure   Level
a - Beastly Appendage     Tmut           ####..       1%          1
b - Wereblood             Tmut           ####....     1%          2
c - Spider Form           Tmut/Pois      ###.......   1%          3
d - Blade Hands           Tmut           ####......   3%          5

Your spell library contained the following spells:

 Spells                   Type           Power        Failure   Level
 Sting                    Tmut/Pois      ###.         1%          1
 Corona                   Hex            #......      9%          1
 Pain                     Necr           #...         9%          1
 Sandblast                Erth           #.....       9%          1
 Shock                    Conj/Air       #...         9%          1
 Ice Form                 Ice/Tmut       ###.....     11%         4


Dungeon Overview and Level Annotations

Branches:
Dungeon (11/15)            Temple (1/1) D:4            Lair (0/6) D:10
    Orc (0/2) D:9

Altars:
Ashenzari
Cheibriados
Dithmenos
Elyvilon
Fedhas
Gozag
Hepliaklqana
Kikubaaqudgha
Makhleb
Nemelex Xobeh
Okawaru
Qazlal
Ru
Sif Muna
Trog
Uskayaw
Vehumet
Wu Jian
Xom
Yredelemnul
Zin
The Shining One

Shops:
D:4 ?

Annotations:
D:11 Psyche


Innate Abilities, Weirdness & Mutations

You can breathe waves of freezing cold.
You can buffet flying creatures when you breathe cold.
Your icy white scales are hard. (AC +7)
You cannot fit into any form of body armour.
Your flesh is cold resistant. (rC+)
You are cold-blooded and may be slowed by cold attacks.
You cannot drink potions while threatened.


Message History

The fire bat misses you. The fire bat closely misses you.
The fire dragon breathes flames at you.
The blast of flame hits the fire bat.
The fire bat completely resists.
The blast of flame hits you!!
* * * LOW HITPOINT WARNING * * *
The fire bat bites you but does no damage.
The fire bat closely misses you. The fire bat completely misses you.
The fire bat completely misses you.
As you read the scroll of teleportation, it crumbles to dust.
You feel strangely unstable.
You feel the power of the Abyss delaying your translocation!
The fire bat bites you but does no damage.
Unknown command.
The fire bat closely misses you. The fire dragon breathes flames at you.
The blast of flame hits the fire bat.
The fire bat completely resists.
The blast of flame hits you!!!
Ouch! That really hurt!
You die...

#.##.
......##.#
#.....#....)..#
#.............#
#.
....D...##..#
#........###
..# ######'###
#D...#
###b###.# #.@.#
.# #'### ## ...
..... .......
....... .####..
#..


You could see a fire dragon (fast, catching breath) and a fire bat.

Vanquished Creatures
  Snorg (D:11)
  A two-headed ogre (D:10)
  An ugly thing (D:11)
  A manticore (D:11)
  A worldbinder (Abyss:1)
  A troll (D:11)
  Grinder (D:5)
  3 raiju (Abyss:1)
  2 small abominations (Abyss:1)
  3 flying skulls (Abyss:1)
  4 yaks
  A hog (D:11)
  Grum (D:8)
  Menkaure (D:4)
  3 wargs (D:9)
  A water moccasin (D:9)
  Edmund (D:5)
  5 orc warriors
  2 ice beasts
  A necrophage (D:11)
  2 black bears (D:7)
  2 phantoms
  4 wolves (D:8)
  4 ogres
  A sky beast (D:10)
  5 centaurs
  3 big kobolds
  5 bullfrogs
  2 gnoll sergeants
  4 scorpions
  9 killer bees
  18 wights
  5 howler monkeys
  A bullfrog zombie (D:9)
  2 centaur zombies
  5 hounds
  A jelly (Abyss:2)
  A centaur skeleton (D:8)
  11 orc priests
  3 bullfrog skeletons
  8 worker ants
  Natasha (thrice) (D:3)
  9 orc wizards
  A howler monkey zombie (D:6)
  A worker ant zombie (D:10)
  8 adders
  19 gnolls
  5 white imps
  6 ufetubi
  An ooze (D:1)
  An adder skeleton (D:7)
  3 worms
  3 dart slugs
  An adder simulacrum (D:8)
  4 leopard geckos
  31 orcs
  2 ball pythons (D:3)
  3 giant cockroaches
  4 goblins
  8 hobgoblins
  12 jackals
  20 kobolds
  4 quokkas
  5 bats
  7 frilled lizards
  A jackal skeleton (D:7)
  7 rats
300 creatures vanquished.

Notes
Turn   | Place    | Note
-------+----------+-------------------------------------------
     0 | D:1      | marklar909 the Draconian Transmuter began the quest for the
                  | Orb.
     0 | D:1      | Reached XP level 1. HP: 16/16 MP: 3/3
   312 | D:1      | Reached XP level 2. HP: 18/23 MP: 3/5
   426 | D:1      | Learned a level 2 spell: Wereblood
  1102 | D:2      | Reached XP level 3. HP: 9/28 MP: 1/6
  1423 | D:2      | Found a hazy altar of Hepliaklqana.
  1688 | D:2      | Found Zin's Purification Station.
  1702 | D:2      | Found a glowing silver altar of Zin.
  1707 | D:2      | Bought a potion of curing for 90 gold pieces
  2173 | D:3      | Reached XP level 4. HP: 28/36 MP: 4/7
  2457 | D:2      | Learned a level 3 spell: Spider Form
  3165 | D:3      | Reached XP level 5. HP: 39/41 MP: 2/8
  3237 | D:3      | Noticed Natasha
  3254 | D:3      | Killed Natasha
  3536 | D:3      | Found a blossoming altar of Fedhas.
  3659 | D:3      | Noticed a +0 dagger
  3660 | D:3      | Noticed a +0 dagger
  3703 | D:3      | Found a shimmering altar of Xom.
  3821 | D:3      | Noticed Natasha
  3834 | D:3      | Killed Natasha
  3912 | D:3      | Found a hide-covered altar of Uskayaw.
  4107 | D:3      | Found a snail-covered altar of Cheibriados.
  4171 | D:3      | Noticed Natasha
  4181 | D:3      | Killed Natasha
  4258 | D:4      | Found a staircase to the Ecumenical Temple.
  4300 | Temple   | Entered the Ecumenical Temple
  4529 | Temple   | Became a worshipper of Ru the Awakened
  4558 | D:4      | Reached XP level 6. HP: 38/50 MP: 6/9
  4796 | D:4      | Reached skill level 1 in Shields
  4815 | D:4      | Reached skill level 1 in Poison Magic
  4962 | D:4      | Found Tel Renkuest's Magic Scroll Emporium.
  4974 | D:4      | Noticed Menkaure
  4983 | D:4      | Killed Menkaure
  5189 | D:4      | Bought a scroll of identify for 26 gold pieces
  5189 | D:4      | Bought a scroll of teleportation for 39 gold pieces
  5189 | D:4      | Bought a scroll of fog for 26 gold pieces
  5209 | D:4      | Your scales start taking on an icy white colour.
  5209 | D:4      | Reached XP level 7. HP: 40/56 MP: 7/10
  5209 | D:4      | Gained mutation: Your flesh is cold resistant. (rC+) [White
                  | Draconian growth]
  5224 | D:4      | Reached skill level 5 in Transmutations
  5981 | D:4      | Found a bloodstained altar of Trog.
  6164 | D:5      | Entered Level 5 of the Dungeon
  6233 | D:5      | Noticed Edmund
  6267 | D:5      | Killed Edmund
  6325 | D:5      | Found a shadowy altar of Dithmenos.
  6327 | D:5      | Noticed Grinder
  6344 | D:5      | Killed Grinder
  6345 | D:5      | Reached skill level 5 in Unarmed Combat
  6706 | D:4      | Reached XP level 8. HP: 28/63 MP: 9/11
  7046 | D:5      | Learned a level 5 spell: Blade Hands
  7132 | D:5      | Found a broken altar of Ashenzari.
  7484 | D:6      | Gained mutation: You cannot drink potions while threatened.
                  | [Ru sacrifice]
  7484 | D:6      | Reached * piety under Ru
  8281 | D:7      | Found a white marble altar of Elyvilon.
  8713 | D:7      | Found a basalt altar of Yredelemnul.
  8774 | D:7      | Reached XP level 9. HP: 63/72 MP: 9/12
  9164 | D:7      | Found a stormy altar of Qazlal.
 10039 | D:8      | Reached skill level 5 in Fighting
 10048 | D:8      | Reached skill level 5 in Dodging
 10179 | D:8      | Noticed Grum
 10219 | D:8      | Killed Grum
 10454 | D:8      | Found a burning altar of Makhleb.
 10485 | D:8      | Reached skill level 1 in Throwing
 10916 | D:8      | Reached XP level 10. HP: 29/83 MP: 11/13
 11554 | D:9      | Found a shadowy altar of Dithmenos.
 12309 | D:9      | Found a staircase to the Orcish Mines.
 13850 | D:10     | Entered Level 10 of the Dungeon
 13853 | D:10     | Found a staircase to the Lair.
 14826 | D:10     | Noticed a two-headed ogre
 14838 | D:10     | Killed a two-headed ogre
 14839 | D:10     | Reached XP level 11. HP: 91/91 MP: 7/15
 15874 | D:11     | Noticed a red ugly thing
 15882 | D:11     | Killed a red ugly thing
 16046 | D:11     | Noticed Snorg
 16055 | D:11     | Killed Snorg
 16216 | D:11     | Reached skill level 10 in Transmutations
 16335 | D:11     | Noticed Psyche
 16341 | D:11     | Reached skill level 10 in Unarmed Combat
 16343 | D:11     | Cast into level 1 of the Abyss (Psyche)
 16467 | Abyss:1  | Noticed a hell hog
 16482 | Abyss:1  | Noticed a hell hog
 16569 | Abyss:1  | Noticed a tentacled starspawn
 16634 | Abyss:1  | Noticed a spatial maelstrom
 16635 | Abyss:1  | HP: 1/92 [efreet/fireball (12)]
 16673 | Abyss:2  | Noticed a white draconian annihilator
 16739 | Abyss:4  | Noticed a fire dragon
 16739 | Abyss:4  | Noticed an ice dragon
 16739 | Abyss:4  | Noticed an ogre mage
 16748 | Abyss:4  | Identified Qafenewi's Introduction to Wizardry
 16758 | Abyss:4  | Killed from afar by a fire dragon

Illustrated notes

Levels and vault maps discovered:
D:1:      heliophobic_arrival_glass_houses, layout_basic
D:2:      layout_loops_ring, zin_purify, lemuel_doored_altar
D:3:      layout_loops_ring, marbit_many_paths, fedhas_altar_4,
          dancing_weapons_uskayaw, lemuel_coloured_pillars_altar, uniq_natasha
D:4:      layout_rooms, kennysheep_little_box, minmay_temple_entry_butterflies,
          serial_shops, nicolae_shop_waterfront, uniq_menkaure
D:5:      layout_basic, nicolae_dithmenos_shadow_blocks, kennysheep_mini_moat,
          uniq_grinder, uniq_edmund
D:6:      layout_basic
D:7:      layout_gridville, kennysheep_ying_yang,
          nicolae_qazlal_style_of_elements, grunt_ministairs_12
D:8:      layout_cave_pools, nicolae_overflow_crystal_walls, serial_ice,
          serial_ice_b, serial_ice_i, serial_ice_e, serial_ice_a, sigmund_army,
          uniq_grum
D:9:      layout_roguey, erik_orc_3, basic_altar
D:10:     layout_basic, erik_lair_orcish_takeover
D:11:     layout_roguey, uniq_psyche, uniq_snorg
Temple:   jpeg_temple_island
Abyss:4:  base: D:11, evilmike_abyss_exit_vortex, hangedman_elemental_corridor,
          due_evilmike_abyss_rune_seething_liches,
          guppyfry_abyss_exit_imp_island

Skill      XL: |  1  2  3  4  5  6  7  8  9 10 11 |
---------------+----------------------------------+-----
Dodging        | 2 3 4 5 6 7 |  7.3
Transmutations | 3 4 5 6 7 9 10 | 10.6
Fighting       | 2 3 4 5 6 7 |  7.3
Unarmed Combat | 4 5 6 8 9 10 | 10.2
Shields        | 1 2 3 |  3.4
Poison Magic   | 1 2 3 |  3.0
Throwing       | 1 |  1.2
Spellcasting   | 3 |  3.1

Action                   |  1- 3 |  4- 6 |  7- 9 | 10-12 || total
-------------------------+-------+-------+-------+-------++-------
Melee: Unarmed           |   105 |   156 |   389 |   357 ||  1007
       Kick              |    17 |    27 |    44 |    34 ||   122
       Headbutt          |     6 |    13 |    22 |    20 ||    61
       Tailslap          |     8 |    11 |    23 |    35 ||    77
       Punch             |       |     2 |     5 |     8 ||    15
Throw: Stone             |    17 |    27 |     5 |     1 ||    50
 Cast: Beastly Appendage |    23 |    21 |    20 |    17 ||    81
       Wereblood         |    20 |    17 |    21 |    35 ||    93
       Spider Form       |       |     3 |    31 |     3 ||    37
       Blade Hands       |       |       |       |    28 ||    28
Invok: Sacrifice Drink   |       |       |     1 |       ||     1
       Reject Sacrifices |       |       |     1 |       ||     1
 Abil: Breathe Frost     |       |       |    12 |    11 ||    23
  Use: Scroll            |     1 |     1 |     3 |    14 ||    19
       Potion            |       |       |       |     6 ||     6
Armor: Skin              |    36 |    37 |    68 |   107 ||   248
Dodge: Dodged            |    82 |   137 |   349 |   295 ||   863

Table legend: (Time is in decaauts)
 A = Elapsed time spent in this place.
 B = Non-inter-level travel time spent in this place.
 C = Inter-level travel time spent in this place.
 D = Time resting spent in this place.
 E = Time spent auto-exploring this place.
 F = Levels seen in this place.
 G = Mean time per level.
                   A        B        C        D        E       F      G
               +--------+--------+--------+--------+--------+-----+--------+
         Total |  16693 |  16306 |    387 |   3959 |   9602 |  16 | 1043.3 |
       Dungeon |  15999 |  15627 |    372 |   3944 |   9294 |  11 | 1454.5 |
        Temple |    285 |    270 |     15 |      0 |    253 |   1 |  285.0 |
         Abyss |    408 |    408 |      0 |     15 |     54 |   4 |  102.0 |
               +--------+--------+--------+--------+--------+-----+--------+

Top non-repeatable levels by time:
     D:8: 2729 daAuts
     D:9: 2142 daAuts
     D:4: 2064 daAuts
     D:2: 1841 daAuts
    D:10: 1248 daAuts
     D:1: 1216 daAuts
     D:3: 1196 daAuts
     D:7: 1112 daAuts
    D:11: 927 daAuts
     D:6: 805 daAuts
     D:5: 715 daAuts
 Abyss:1: 296 daAuts
  Temple: 285 daAuts
 Abyss:2: 57 daAuts
 Abyss:3: 33 daAuts
